 Dungeon Crawl Stone Soup version 0.17.0-24-gcfadda4 (webtiles) character file.

171 Medar the Skirmisher (level 5, -2/33 HPs)
             Began as a Gargoyle Summoner on Nov 17, 2015.
             Was a Follower of Makhleb.
             Killed by divine providence
             ... invoked by an orc priest
              (11 damage)
             ... on level 3 of the Dungeon.
             The game lasted 00:08:12 (3390 turns).

Medar the Skirmisher (Gargoyle Summoner)            Turns: 3390, Time: 00:08:12

Health: -2/33      AC: 11    Str: 14    XL:     5   Next: 51%
Magic:  8/8        EV: 16    Int: 21    God:    Makhleb [*.....]
Gold:   123        SH:  0    Dex: 17    Spells: 2 memorised, 5 levels left

rFire  + . .     SeeInvis .     a - +2 dagger (elec)
rCold  + . .     Rnd*Rage +     m - +0 ring mail
rNeg   + . .     SustAt   .     (no shield)
rPois  ∞         Gourm    .     (no helmet)
rElec  +         Spirit   .     n - +1 cloak
rCorr  +         Warding  .     (no gloves)
rMut   .         Stasis   .     (no boots)
MR     .....                    (no amulet)
Stlth  +++.......               (no ring)
                                (no ring)

@: brilliant, agile, resistant, not resistant to hostile enchantments, fairly
stealthy
A: thin skeletal structure 1, berserk 1, negative energy resistance 1,
electricity resistance, strong 1, unbreathing, petrification resistance, rot
immunity, AC +4
a: Renounce Religion


You were on level 3 of the Dungeon.
You worshipped Makhleb.
Makhleb was aware of your devotion.
You were hungry.

You visited 1 branch of the dungeon, and saw 3 of its levels.

You collected 123 gold pieces.

Inventory:

Hand Weapons
 a - a +2 dagger of electrocution (weapon)
 j - a +0 club
 t - a +0 hand axe
Missiles
 v - 2 throwing nets {=f =F}
Armour
 h - a +0 robe
 m - a +0 ring mail (worn)
 n - a +1 cloak (worn)
 o - a +0 plate armour
Scrolls
 i - 3 scrolls of recharging
 k - a scroll of identify {@r2}
 r - a scroll of enchant armour
 u - a scroll of amnesia
Books
 b - a book of Callings

   Spells                             Type                      Level
   a - Summon Small Mammal            Summoning                    1
   b - Call Imp                       Summoning                    2
   c - Call Canine Familiar           Summoning                    3
   d - Summon Guardian Golem          Hexes/Summoning              3
   e - Summon Lightning Spire         Summoning/Air                4
   f - Summon Ice Beast               Ice/Summoning                4
Comestibles
 c - a bread ration {@e1}
 d - 9 chunks of flesh
 p - 4 fruits {@e3}


   Skills:
 + Level 4.2 Fighting
 - Level 2.5 Axes
 - Level 0.6(1.8) Maces & Flails
 - Level 1.5 Dodging
 - Level 2.1 Stealth
 - Level 2.0 Spellcasting
 - Level 3.6 Summonings


You had 5 spell levels left.
You knew the following spells:

 Your Spells              Type           Power        Failure   Level  Hunger
d - Call Imp              Summ           ####....     1%          2    ##.....
s - Summon Small Mammal   Summ           ####         1%          1    #......


Dungeon Overview and Level Annotations

Branches:
Dungeon (3/15)

Altars:
Makhleb

Annotations:
D:3 exclusion: goblin


Innate Abilities, Weirdness & Mutations

You are resistant to torment.
Your stone body is resilient (AC +4).
You are immune to poison.
You resist negative energy.
You are resistant to electric shocks.
You can survive without breathing.
You are immune to petrification.
You are immune to rotting.
You have a somewhat thin skeletal structure (Dex +2, Stealth).
You tend to lose your temper in combat.
Your muscles are strong. (Str +2)


Message History

* * * LOW HITPOINT WARNING * * *
Drink which item? (? for menu, Esc to quit)
It was a potion of agility.
You feel agile all of a sudden. The gnoll hits you but does no damage.
The gnoll completely misses you.
Drink which item? (? for menu, Esc to quit)
It was a potion of brilliance.
You feel clever all of a sudden. The gnoll barely misses you.
The gnoll hits you with a whip.
* * * LOW HITPOINT WARNING * * *
Drink which item? (? for menu, Esc to quit)
You feel better. The gnoll closely misses you.
The gnoll hits you but does no damage.
Drink which item? (? for menu, Esc to quit)
It was a potion of resistance.
You feel protected.
The orc priest hits you but does no damage.
The orc priest calls down the wrath of Beogh upon you.
Something smites you!
You die...

...≈≈≈≈≈≈≈≈≈≈g≈≈≈≈≈≈≈≈....≈≈≈≈≈≈≈
............)....................
########>....)...g...............
####.###############..#### #g#
#...........#### #)#
##............).. #†#
#............####
#.#####o............# #
#...gg@go..)......#.# #
#######...........#.###
#...........#....
#..o........##...
##..........##...
###############... ##.....#
#.......# #......# #.......#
###......# #.......#


You could see 2 orc priests, an orc wizard and 3 gnolls.

Vanquished Creatures
  A gnoll shaman (D:3)
  4 gnolls (D:3)
  An ooze (D:1)
  An orc (D:3)
  4 giant cockroaches
  7 goblins
  9 hobgoblins
  3 kobolds
  A quokka (D:2)
  8 bats
  2 giant geckos
  A giant newt (D:3)
  16 jackals
  4 rats (D:1)
62 creatures vanquished.

Vanquished Creatures (collateral kills)
  A gnoll (D:3)
  2 adders (D:2)
  A worm (D:2)
  4 hobgoblins
  2 jackals (D:1)
  2 kobolds (D:2)
  A ball python (D:1)
  3 giant newts
  A goblin (D:1)
  A rat (D:2)
18 creatures vanquished.

Grand Total: 80 creatures vanquished

Notes
Turn   | Place    | Note
--------------------------------------------------------------
     0 | D:1      | Medar the Gargoyle Summoner began the quest for the Orb.
     0 | D:1      | Reached XP level 1. HP: 10/10 MP: 3/3
   264 | D:1      | Reached skill level 1 in Fighting
   592 | D:1      | Reached XP level 2. HP: 16/16 MP: 5/5
   664 | D:1      | Learned a level 2 spell: Call Imp
  1178 | D:1      | Reached skill level 1 in Axes
  1532 | D:1      | Reached XP level 3. HP: 14/21 MP: 6/6
  2304 | D:2      | Found a burning altar of Makhleb.
  2306 | D:2      | Noticed an Executioner
  2311 | D:2      | Noticed a smoke demon
  2311 | D:2      | Noticed a neqoxec
  2313 | D:2      | Became a worshipper of Makhleb the Destroyer
  2364 | D:2      | Reached XP level 4. HP: 23/26 MP: 7/7
  2944 | D:3      | Reached * piety under Makhleb
  3203 | D:3      | Reached XP level 5. HP: 28/32 MP: 8/8
  3325 | D:3      | Reached skill level 4 in Fighting
  3386 | D:3      | Gained mutation: You have a somewhat thin skeletal structure (Dex +2, Stealth). [potion of mutation]
  3386 | D:3      | Gained mutation: Your muscles are strong. (Str +2) [potion of mutation]
  3386 | D:3      | Gained mutation: You tend to lose your temper in combat. [potion of mutation]
  3386 | D:3      | HP: 1/33 [orc priest/divine providence (12)]
  3390 | D:3      | Killed from afar by an orc priest

Action                   |  1- 3 |  4- 6 || total
-------------------------+-------+-------++-------
Melee: Unarmed           |    35 |       ||    35
       Club              |    33 |       ||    33
       Hand axe          |   113 |     8 ||   121
       Dagger            |       |   105 ||   105
 Cast: Summon Small Mamm |    27 |     2 ||    29
       Call Imp          |     8 |     1 ||     9
  Use: Potion            |       |     6 ||     6
       Scroll            |       |     4 ||     4
 Stab: Sleeping          |     2 |       ||     2
       Distracted        |     1 |       ||     1
  Eat: Chunk             |     6 |     3 ||     9
